cohdb
Replays
Latest Replays
All Replays
Popular Replays
Top Player Replays
Match Explorer
How It Works
Community
CoH3 Stats
Reddit
Sign in to upload your games and track your stats! →
Sign in with Steam
Match 40761375
Unlisted
Match 40761375
Overview
Messages
Build Orders
End
Selects Advanced Infantry Battlegroup
Scout Squad
Construct Barracks
Engineer Squad
Riflemen Squad
Riflemen Squad
Infantry Support Center
Selects Convert to Ranger Squad
Selects Convert to Ranger Squad
Convert to Ranger Squad
Construct Motor Pool
Riflemen Squad
M8 Greyhound Armored Car
Riflemen Squad
Selects Ammunition Storage
Selects Designate Assault Position
M1 Anti-tank Gun Team
.30 cal Machine Gun
Phillip Banks
IronPixie
蟑螂恶霸
KT6790
cbigney
✠KREUZZUG✠
kenleung
Creation
0
0
Comments
sign in to comment!
No comments posted yet!